 Dungeon Crawl Stone Soup version 0.19-a0-1738-gbb2db12 (webtiles) character file.

572649 Flanowski the Conqueror (level 25, -6/257 HPs)
             Began as a Minotaur Fighter on Oct 1, 2016.
             Was the Champion of Makhleb.
             Killed from afar by an acid blob (8 damage)
             ... with a splash of acid
             ... on level 2 of the Pits of Slime.
             The game lasted 02:27:17 (53283 turns).

Flanowski the Conqueror (Minotaur Fighter)         Turns: 53283, Time: 02:27:18

Health: -6/257     AC: 14    Str: 41    XL:     25   Next: 69%
Magic:  0/13       EV: 16    Int:  9    God:    Makhleb [******]
Gold:   4064       SH: 23    Dex: 21    Spells: 0 memorised, 24 levels left

rFire  + + .     SeeInvis .     U - +3 broad axe "Vyvot" {venom, rPois Str+9}
rCold  + + +     Gourm    .     d - +9 armour of the Dragon King {rPois rF+ rC+ MR+}
rNeg   . . .     Faith    .     c - +2 shield
rPois  +         Spirit   +     (helmet restricted)
rElec  .         Dismiss  .     n - +1 cloak
rCorr  .         Reflect  .     J - +2 pair of gloves "Berpher" {rPois Str+5}
MR     +++++     Harm     .     B - +2 pair of boots {Fly}
Stlth  .......... Clarity  +    g - amulet of guardian spirit
                                k - ring of Beacrosuh {rC+ MR+++ MP-9 Dex+5}
                                X - ring of the Commoners {+Inv rF+ rC+ Int+4}

@: corroded, flying
A: retaliatory headbutt, beak, claws 1, hooves 1, horns 2, clarity
a: Minor Destruction, Lesser Servant of Makhleb, Major Destruction, Greater
Servant of Makhleb, Renounce Religion, Evoke Invisibility, Stop Flying
}: 3/15 runes: decaying, serpentine, silver


You were on level 2 of the Pits of Slime.
You worshipped Makhleb.
Makhleb was exalted by your worship.
You were hungry.

You visited 10 branches of the dungeon, and saw 47 of its levels.
You visited the Abyss 2 times.
You visited 2 bazaars.
You also visited: Trove and Sewer.

You collected 6090 gold pieces.
You spent 2026 gold pieces at shops.

Inventory:

Hand Weapons
 N - a +2 flail of crushing
 U - the +3 broad axe "Vyvot" (weapon) {venom, rPois Str+9}
   (You found it on level 2 of the Depths)

   It poisons the flesh of those it strikes.
   It affects your strength (+9).
   It protects you from poison.
Armour
 c - a +2 shield (worn)
 d - the +9 armour of the Dragon King (worn) {rPois rF+ rC+ MR+}
   (You found it on level 5 of the Vaults)

   It protects you from fire.
   It protects you from cold.
   It protects you from poison.
   It affects your resistance to hostile enchantments.
 n - a +1 cloak (worn)
 B - a +2 pair of boots of flying (worn)
 J - the +2 pair of gloves "Berpher" (worn) {rPois Str+5}
   (You bought it in a shop on level 8 of the Dungeon)

   It affects your strength (+5).
   It protects you from poison.
Jewellery
 a - the ring "Zesah" {MR+ Int+3 SInv}
   (You found it in a treasure trove)

   [ring of see invisible]

   It affects your intelligence (+3).
   It affects your resistance to hostile enchantments.
   It lets you see invisible.
 g - an amulet of guardian spirit (around neck)
 k - the ring of Beacrosuh (right hand) {rC+ MR+++ MP-9 Dex+5}
   (You found it in a treasure trove)

   [ring of protection from cold]

   It affects your dexterity (+5).
   It protects you from cold.
   It affects your resistance to hostile enchantments.
   It affects your magic capacity (-9).
 X - the ring of the Commoners (left hand) {+Inv rF+ rC+ Int+4}
   (You bought it in a shop on level 8 of the Dungeon)

   [ring of intelligence]

   It affects your intelligence (+4).
   It protects you from fire.
   It protects you from cold.
   It lets you turn invisible.
Wands
 l - a wand of polymorph (4/24)
 w - a wand of heal wounds (3/9)
 y - a wand of paralysis (6/24)
 D - a wand of disintegration (13/24)
 H - a wand of paralysis (10/24)
 L - a wand of teleportation (3/9)
 O - a wand of digging (4/24)
 Q - a wand of lightning (3/15)
Scrolls
 b - 4 scrolls of magic mapping
 e - 8 scrolls of amnesia
 f - a scroll of identify
 m - 7 scrolls of recharging
 p - a scroll of brand weapon
 q - 6 scrolls of enchant armour
 r - 4 scrolls of teleportation
 s - 14 scrolls of remove curse
 G - 5 scrolls of fog
 P - 6 scrolls of enchant weapon
 V - a scroll of torment
 W - 2 scrolls of fear
 Y - 2 scrolls of summoning
 Z - 2 scrolls of silence
Potions
 j - 16 potions of curing
 t - 3 potions of heal wounds
 v - a potion of might
 A - 4 potions of cancellation
 E - 4 potions of ambrosia
 S - 2 potions of haste
 T - 4 potions of cure mutation
Books
 x - Jeqees's Catalogue of Shifting Lightness
   (You found it on level 5 of the Depths)

   Spells                             Type                      Level
   a - Beastly Appendage              Transmutation                1
   b - Summon Lightning Spire         Summoning/Air                4
   c - Statue Form                    Transmutation/Earth          6
   d - Tornado                        Air                          9
Comestibles
 h - 11 slices of pizza
 o - 5 bread rations
 u - 22 meat rations
 z - 15 beef jerkies
 C - 3 royal jellies
 R - 25 fruits


   Skills:
 O Level 27 Fighting
 + Level 26.2 Axes
 - Level 1.3(18.2) Maces & Flails
 * Level 19.8 Armour
 + Level 11.1 Dodging
 - Level 0.1 Stealth
 O Level 27 Shields
 + Level 0.6 Evocations


You had 24 spell levels left.
You didn't know any spells.

Dungeon Overview and Level Annotations

Branches:
Dungeon (15/15)            Temple (1/1) D:7            Lair (6/6) D:8
  Swamp (4/4) Lair:2        Snake (4/4) Lair:3        Slime (2/5) Lair:6
    Orc (2/2) D:12            Elf (3/3) Orc:2        Vaults (5/5) D:14
  Crypt (0/3) Vaults:2     Depths (5/5) D:15            Zot (0/5) Depths:5

Altars:
Ashenzari
Cheibriados
Dithmenos
Elyvilon
Fedhas
Gozag
Hepliaklqana
Kikubaaqudgha
Makhleb
Nemelex Xobeh
Okawaru
Qazlal
Ru
Sif Muna
Trog
Uskayaw
Vehumet
Xom
Yredelemnul
Zin
The Shining One
Beogh

Shops:
D:6 [(*   D:8 [[}=:   D:11 [   D:12 [?*=   D:15 }   Orc:2 *((?}   Elf:1 [
Elf:2 (%[   Snake:1 %   Snake:3 [:%   Vaults:4 %   Vaults:5 %?%   Depths:5 (}*(

Portals:
Hell: Depths:1 Depths:2 Depths:3 Depths:4 Depths:5
Abyss: Depths:1 Depths:2 Depths:3 Depths:4
Pandemonium: Depths:3
Ziggurat: Depths:4

Annotations:
D:14 exclusion: ice statue
Lair:4 exclusion: 3 oklob plants


Innate Abilities, Weirdness & Mutations

You reflexively headbutt those who attack you in melee.
You have a pair of horns on your head.
You have a beak for a mouth.
You have sharp fingernails.
You have large cloven feet.
You possess an exceptional clarity of mind.


Message History

* * * LOW HITPOINT WARNING * * *
You block the azure jelly's attack. x2
The azure jelly hits you but does no damage.
The acid blob spits acid at you. The splash of acid hits you!
* * * LOW HITPOINT WARNING * * *
The acid corrodes you!
You are splashed with acid!
The acid burns!
* * * LOW HITPOINT WARNING * * *
You block the acid blob's attack.
A slime creature comes into view.
As you read the scroll of fear, it crumbles to dust.
You assume a fearsome visage.
The azure jelly resists with almost no effort.
The acid blob resists with almost no effort. x2
The slime creature looks frightened!
The acid blob resists with almost no effort.
You block the acid blob's attack. The acid blob spits acid at you.
The splash of acid hits you!
You die...

......J .......
....... ##
.......#####.##
........#.#...#
.............###
.......J........
......JJ@.......
.......J........
................
...#............
.......#........
......#.#.......
...... . ##.####
...... . ##


You could see 3 acid blobs, an azure jelly and a slime creature (fleeing).

Vanquished Creatures
  Mennas (Depths:3)
  A juggernaut (Depths:5)
  3 ancient liches (Vaults:5)
  Boris (Vaults:3)
  Saint Roka (Vaults:1)
  Bai Suzhen (Swamp:4)
  the Lernaean hydra (Swamp:4)
  The ghost of feamirim the Spry, an adept DgFi (Vaults:3)
  A golden dragon (shapeshifter) (Depths:4)
  5 golden dragons
  Nikola (Depths:2)
  2 bone dragons
  The ghost of jedvagenij the Severer, an adept DDFi of Makhleb (Elf:3)
  A lich (Depths:5)
  Jorgrun (Swamp:4)
  A tentacled monstrosity (Vaults:5)
  4 titans
  2 deep elf master archers (Elf:3)
  3 deep elf blademasters
  A quicksilver dragon (Depths:3)
  Gastronok (D:8)
  7 acid blobs
  3 thorn hunters
  2 tentacled starspawn (Abyss:5)
  7 tengu reavers
  4 sphinxes
  4 azure jellies
  2 storm dragons
  2 shadow dragons
  11 nagarajas
  A frost giant (shapeshifter) (Depths:4)
  5 deep elf sorcerers
  15 fire giants
  11 vault wardens
  An iron dragon (Vaults:5)
  Louise (Depths:2)
  8 frost giants
  The ghost of Naow the Tortoise, a journeyman MiBe of Trog (Orc:2)
  An iron dragon (shapeshifter) (Depths:4)
  Aizul (Swamp:1)
  A draconian zealot (Depths:5)
  A caustic shrike zombie (Depths:3)
  8 deep elf elementalists
  17 ironheart preservers
  A spriggan defender (Depths:3)
  18 stone giants
  4 war gargoyles
  The ghost of Flanowski the Severer, a journeyman MiFi of Uskayaw (Lair:5)
  23 very ugly things
  A draconian caller (Abyss:2)
  An entropy weaver (Vaults:4)
  A black draconian (Depths:5)
  8 deep elf annihilators
  2 vampire knights (Depths:2)
  3 deep elf demonologists
  A yellow draconian (Depths:5)
  8 spark wasps
  2 mottled draconians (Depths:5)
  21 ettins
  11 deep elf death magi
  A blizzard demon (Abyss:5)
  2 crystal guardians (Depths:4)
  A green death (Abyss:5)
  5 fire dragons
  24 ogre magi
  14 yaktaur captains
  7 deep elf high priests
  An ettin (shapeshifter) (Vaults:5)
  4 death oozes (Depths:5)
  6 ice dragons
  35 vault guards
  7 rakshasas
  11 great orbs of eyes
  A hell beast (Depths:3)
  2 ghost crabs
  18 naga warriors
  7 spriggan air magi (Depths:4)
  3 catoblepae
  27 hydras
  4 alligators
  An anaconda (shapeshifter) (Vaults:5)
  14 centaur warriors
  8 death yaks
  34 dancing weapons
  5 death knights
  24 anacondas
  14 deep troll earth magi
  6 tengu warriors
  3 hell hogs (Abyss:5)
  6 spriggan berserkers
  3 thrashing horrors (Abyss:2)
  15 deep troll shamans
  2 hell hogs (shapeshifter) (Vaults:5)
  6 hell knights
  A titan zombie (Vaults:5)
  6 shock serpents
  An orc high priest (Elf:1)
  25 deep elf knights
  Sonja (D:15)
  A soul eater (Depths:3)
  13 naga sharpshooters
  2 skeletal warriors (D:13)
  4 wretched stars
  2 sun demons
  4 salamander mystics
  A storm dragon zombie (Depths:3)
  A titan skeleton (Depths:3)
  2 iron trolls
  An iron troll (shapeshifter) (Depths:4)
  A shadow wraith (Vaults:5)
  9 naga ritualists
  2 spriggan druids (Swamp:4)
  8 unseen horrors
  A glowing orange brain (Vaults:3)
  2 lindwurms
  25 deep trolls
  3 wizards
  9 ironbrand convokers
  A lindwurm (shapeshifter) (Abyss:2)
  3 phantasmal warriors
  4 flayed ghosts
  A sphinx zombie (Vaults:4)
  7 necromancers
  2 shambling mangroves
  9 orc knights
  7 large abominations
  2 harpies (shapeshifter)
  7 harpies
  11 swamp dragons
  A wolf spider zombie (D:15)
  A golden dragon skeleton (Depths:3)
  8 hill giants
  7 mana vipers
  28 deep elf archers
  60 deep elf magi
  47 ugly things
  2 hornets (shapeshifter) (Depths:4)
  3 orc sorcerers
  8 cyclopes
  6 wolf spiders
  16 salamanders
  8 hornets
  30 black mambas
  A frost giant skeleton (Vaults:5)
  A salamander (shapeshifter) (Elf:1)
  18 elephants
  A black mamba (shapeshifter) (Vaults:4)
  12 vault sentinels
  A fire giant skeleton (Vaults:4)
  A human skeleton (Vaults:4)
  A torpor snail (Lair:5)
  A molten gargoyle (Depths:2)
  Joseph (D:7)
  A manticore (D:14)
  18 naga magi
  2 apocalypse crabs (Abyss:2)
  22 spiny frogs
  5 spectral swamp worms (Depths:3)
  7 centaur skeletons
  22 guardian serpents
  2 smoke demons
  4 gargoyles
  A spiny frog (shapeshifter) (Elf:3)
  2 kobold demonologists
  An orange demon (Depths:3)
  A rime drake (shapeshifter) (D:15)
  6 freezing wraiths
  38 yaktaurs
  A demonic crawler (Abyss:2)
  4 rime drakes
  3 tengu conjurers
  4 komodo dragons
  A yaktaur skeleton (Vaults:5)
  An ancient zyme (Abyss:5)
  A queen bee (shapeshifter) (Vaults:5)
  3 polar bears (Lair:4)
  5 trolls
  A jumping spider (shapeshifter) (Vaults:1)
  A tyrant leech (shapeshifter) (Depths:5)
  A troll (shapeshifter) (Vaults:3)
  Prince Ribbit (D:9)
  38 two-headed ogres
  10 dream sheep
  2 hippogriffs
  8 tyrant leeches
  14 blink frogs
  6 bog bodies
  A raiju (shapeshifter) (Vaults:3)
  4 raiju (Abyss:5)
  A fire giant simulacrum (Vaults:4)
  70 slime creatures
  2 hippogriffs (shapeshifter) (Vaults:5)
  2 air elementals
  Sigmund (D:5)
  A centaur simulacrum (D:15)
  11 water elementals
  5 shadows
  4 spriggans
  48 yaks
  4 wraiths
  7 starcursed masses (Abyss:2)
  A hog (shapeshifter) (Vaults:4)
  3 wyverns
  2 vampires
  A redback (Vaults:4)
  A basilisk (shapeshifter) (Depths:3)
  A tarantella (shapeshifter) (Vaults:2)
  3 hogs (D:7)
  14 vampire mosquitoes
  Eustachio (D:5)
  2 fire elementals
  A human (D:7)
  A hungry ghost (D:14)
  5 basilisks
  4 neqoxecs
  2 humans (shapeshifter)
  2 elf simulacra
  6 wargs
  7 chaos spawn
  Edmund (D:4)
  9 insubstantial wisps
  A swamp worm (shapeshifter) (Depths:3)
  74 nagas
  A soldier ant (shapeshifter) (Vaults:2)
  The ghost of kinazarov the Sneak, an amateur DEAs of Uskayaw (D:4)
  18 swamp worms
  16 water moccasins
  9 porcupines
  2 floating eyes
  32 orc warriors
  7 sky beasts
  5 black bears
  An eye of draining (Slime:1)
  3 ice beasts
  9 small abominations
  13 swamp drakes
  4 phantoms
  10 wasps
  An elf zombie (Vaults:4)
  2 necrophages
  36 centaurs
  2 elf skeletons (Vaults:4)
  103 ogres
  10 wolves
  14 crocodiles
  7 big kobolds
  A human zombie (Vaults:4)
  19 bullfrogs
  A wyvern zombie (D:13)
  3 earth elementals (Elf:2)
  A glowing shapeshifter simulacrum (Vaults:3)
  3 scorpions
  A human simulacrum (Vaults:3)
  8 killer bees
  9 wights
  2 howler monkeys (D:8)
  9 electric eels
  6 centaur zombies
  8 crimson imps
  2 quasits
  A wasp zombie (D:12)
  A bullfrog zombie (D:10)
  12 hounds
  32 orc wizards
  A jelly (shapeshifter) (D:15)
  20 orc priests
  6 iguanas
  15 jellies
  2 bullfrog skeletons
  13 worker ants
  3 polar bear simulacra (Lair:3)
  5 yak simulacra (Lair:3)
  A naga skeleton (Abyss:2)
  A hound zombie (D:11)
  A hound skeleton (D:7)
  A howler monkey zombie (D:6)
  4 gnolls (D:8)
  14 adders
  50 river rats
  7 shadow imps
  2 ufetubi (Abyss:2)
  5 oozes
  An adder zombie (D:5)
  An adder skeleton (D:4)
  2 worms (D:4)
  4 dart slugs
  9 leopard geckos
  75 orcs
  24 bats
  5 giant cockroaches
  8 goblins
  12 hobgoblins
  14 jackals
  3 quokkas
  A ball python (D:3)
  6 frilled lizards
  29 kobolds
  A quokka skeleton (D:6)
  13 rats
  3 river rat simulacra (Lair:3)
  9 briar patches
  5 crawling corpses
  5 fungi
  3 plants
2366 creatures vanquished.

Vanquished Creatures (others)
  A ghost moth (Depths:4)
  A war gargoyle (Depths:4)
  A naga warrior (Snake:3)
  An ogre mage (D:15)
  A swamp dragon (Swamp:4)
  A yaktaur (Depths:2)
  A naga (Snake:4)
  A swamp worm (Swamp:4)
  An ogre (Vaults:5)
  An orc wizard (Elf:1)
  A butterfly (Lair:6)
  A crawling corpse (Vaults:5)
  4 fungi
  6 plants
  2 starspawn tentacles (Abyss:5)
24 creatures vanquished.

Grand Total: 2390 creatures vanquished

Notes
Turn   | Place    | Note
-------+----------+-------------------------------------------
     0 | D:1      | Flanowski the Minotaur Fighter began the quest for the Orb.
     0 | D:1      | Reached XP level 1. HP: 19/19 MP: 0/0
    34 | D:1      | Reached XP level 2. HP: 17/27 MP: 1/1
   677 | D:2      | Reached XP level 3. HP: 33/33 MP: 2/2
   811 | D:2      | Reached XP level 4. HP: 39/40 MP: 3/3
   852 | D:2      | Found a bloodstained altar of Trog.
  1340 | D:3      | Reached skill level 1 in Dodging
  1340 | D:3      | Reached XP level 5. HP: 35/47 MP: 4/4
  1547 | D:3      | Found a glowing drain.
  1560 | Sewer    | Entered a sewer
  1950 | D:4      | Noticed Edmund
  1965 | D:4      | Killed Edmund
  1965 | D:4      | Reached skill level 5 in Fighting
  1965 | D:4      | Reached skill level 5 in Shields
  1965 | D:4      | Reached XP level 6. HP: 11/56 MP: 5/5
  2386 | D:4      | Noticed kinazarov's ghost (amateur DEAs)
  2404 | D:4      | Killed kinazarov's ghost
  2404 | D:4      | Reached skill level 5 in Axes
  2404 | D:4      | Reached skill level 5 in Armour
  2404 | D:4      | Reached XP level 7. HP: 26/62 MP: 6/6
  2848 | D:4      | Found an ancient bone altar of Kikubaaqudgha.
  2900 | D:5      | Entered Level 5 of the Dungeon
  2929 | D:5      | Noticed Sigmund
  3159 | D:5      | Killed Sigmund
  3177 | D:5      | Noticed Eustachio
  3218 | D:5      | Killed Eustachio
  3579 | D:5      | Reached XP level 8. HP: 64/71 MP: 7/7
  3998 | D:6      | Found Uchenyce's Weapon Boutique.
  4123 | D:6      | Found a sparkling altar of Nemelex Xobeh.
  4330 | D:6      | Found Jyosk's Antique Armour Shoppe.
  4402 | D:6      | Found Xisk's Assorted Antiques.
  4537 | D:6      | Found a stormy altar of Qazlal.
  4737 | D:7      | Reached XP level 9. HP: 70/81 MP: 8/8
  4830 | D:7      | Found a staircase to the Ecumenical Temple.
  4854 | Temple   | Entered the Ecumenical Temple
  5060 | D:7      | Found a blossoming altar of Fedhas.
  5060 | D:7      | Found a glowing golden altar of the Shining One.
  5105 | D:7      | Identified the Compendium of Talismans and the Frostbite
  5105 | D:7      | Noticed Joseph
  5117 | D:7      | Killed Joseph
  5351 | D:7      | Reached skill level 10 in Axes
  5921 | D:8      | Noticed Gastronok
  5923 | D:8      | Reached XP level 10. HP: 77/91 MP: 7/9
  5964 | D:8      | Killed Gastronok
  5980 | D:8      | Reached skill level 10 in Fighting
  5986 | D:8      | Reached skill level 5 in Dodging
  6259 | D:8      | Found Huquff Hopn's Gadget Boutique.
  6317 | D:8      | Found Qawami's Antique Armour Shop.
  6326 | D:8      | Bought a distressingly furry ring mail for 207 gold pieces
  6336 | D:8      | Identified the +3 ring mail "Onuu" {+Blink rC- Str+3} (You bought it in a shop on level 8 of the Dungeon)
  6348 | D:8      | Found Xeuxtade's Antique Armour Shoppe.
  6407 | D:8      | Found Peucvoos's Book Shoppe.
  6407 | D:8      | Found Izonolao's Jewellery Shop.
  6510 | D:8      | Found a staircase to the Lair.
  6749 | D:9      | Noticed Prince Ribbit
  6756 | D:9      | Killed Prince Ribbit
  7133 | D:9      | Found a burning altar of Makhleb.
  7165 | D:9      | Became a worshipper of Makhleb the Destroyer
  7304 | D:9      | Found a shadowy altar of Dithmenos.
  7305 | D:9      | Found a deep blue altar of Sif Muna.
  7306 | D:9      | Found an iron altar of Okawaru.
  7307 | D:9      | Found a burning altar of Makhleb.
  7307 | D:9      | Found a shattered altar of Ashenzari.
  7307 | D:9      | Found a shimmering altar of Xom.
  7307 | D:9      | Found a hide-covered altar of Uskayaw.
  7313 | D:9      | Reached XP level 11. HP: 97/101 MP: 8/10
  7497 | D:10     | Entered Level 10 of the Dungeon
  7962 | D:10     | Reached * piety under Makhleb
  8242 | D:10     | Killed an unseen horror
  8492 | D:10     | Found a portal to a secret trove of treasure.
  8552 | D:10     | Noticed a hill giant
  8560 | D:10     | Killed a hill giant
  8822 | D:8      | Bought a pair of scorched gloves for 218 gold pieces
  8827 | D:8      | Identified the +2 pair of gloves "Berpher" {rPois Str+5} (You bought it in a shop on level 8 of the Dungeon)
  8974 | Lair:1   | Entered Level 1 of the Lair of Beasts
  9217 | Lair:1   | Reached skill level 10 in Shields
  9452 | Lair:1   | Reached ** piety under Makhleb
 10009 | Lair:2   | Noticed a seven-headed hydra
 10028 | Lair:1   | Killed a seven-headed hydra
 10161 | Lair:2   | Reached XP level 12. HP: 96/113 MP: 7/11
 10223 | Lair:2   | Reached skill level 1 in Maces & Flails
 10526 | Lair:2   | Noticed a six-headed hydra
 10534 | Lair:2   | Killed a six-headed hydra
 10591 | Lair:2   | Found a staircase to the Swamp.
 10638 | Lair:2   | HP: 2/113 [electric eel/bolt of electricity (6)]
 11393 | Lair:3   | Found a staircase to the Snake Pit.
 11396 | Lair:3   | Reached *** piety under Makhleb
 11950 | Lair:4   | Reached **** piety under Makhleb
 11992 | Lair:4   | Noticed a six-headed hydra
 12008 | Lair:4   | Killed a six-headed hydra
 12840 | Lair:4   | Reached XP level 13. HP: 122/122 MP: 12/12
 13122 | Lair:5   | Noticed Flanowski's ghost (journeyman MiFi)
 13166 | Lair:5   | Reached ***** piety under Makhleb
 13174 | Lair:5   | Killed Flanowski's ghost
 13551 | Lair:5   | Reached skill level 15 in Axes
 14250 | Lair:6   | Entered Level 6 of the Lair of Beasts
 14743 | Lair:6   | Reached skill level 15 in Fighting
 14849 | Lair:6   | Found a staircase to the Slime Pits.
 14945 | Lair:6   | Reached XP level 14. HP: 135/135 MP: 13/13
 15172 | Lair:6   | Reached ****** piety under Makhleb
 16199 | D:11     | Found Atuir's Antique Armour Emporium.
 16788 | D:11     | Found a sacrificial altar of Ru.
 16955 | D:12     | Found Keunynlo's Magic Scroll Emporium.
 16958 | D:12     | Bought a scroll of identify for 26 gold pieces
 16958 | D:12     | Bought a scroll of identify for 26 gold pieces
 16958 | D:12     | Bought a scroll of identify for 26 gold pieces
 16999 | D:12     | Reached skill level 10 in Armour
 17065 | D:12     | Found Kaiquvo's Armour Shoppe.
 17175 | D:12     | Found an opulent altar of Gozag.
 17328 | D:12     | Found a staircase to the Orcish Mines.
 17538 | D:12     | Found Vasiq's Jewellery Boutique.
 17595 | D:12     | Got a crude chain mail
 17606 | D:12     | Identified the +7 chain mail of Nuypsepn {+Inv rF+} (You found it on level 12 of the Dungeon)
 17877 | D:12     | Found Rakhuil's General Store.
 18079 | Orc:1    | Entered Level 1 of the Orcish Mines
 18116 | Orc:1    | Paralysed by an orc sorcerer for 2 turns
 18284 | Orc:1    | Found a roughly hewn altar of Beogh.
 18323 | Orc:1    | Reached skill level 15 in Shields
 18521 | Orc:2    | Entered Level 2 of the Orcish Mines
 18618 | Orc:2    | Noticed Naow's ghost (journeyman MiBe)
 19123 | Orc:2    | Killed Naow's ghost
 19426 | Orc:2    | Found a staircase to the Elven Halls.
 19500 | Orc:2    | Found Egim's Gadget Shop.
 19532 | Orc:2    | Found Eseittik's Weapon Shoppe.
 19532 | Orc:2    | Found Toso's Magic Scroll Boutique.
 19536 | Orc:2    | Paralysed by an ogre mage for 3 turns
 19592 | Orc:2    | Paralysed by an ogre mage for 3 turns
 19602 | Orc:2    | Paralysed by an ogre mage for 7 turns
 19655 | Orc:2    | Found Gaocwad's Weapon Shoppe.
 19655 | Orc:2    | Found Hionemuck's Assorted Antiques.
 19678 | Orc:2    | Bought a +4 broad axe for 416 gold pieces
 19918 | Orc:2    | Found a roughly hewn altar of Beogh.
 19977 | Orc:2    | Reached XP level 15. HP: 146/146 MP: 12/14
 21085 | D:14     | Paralysed by a wizard for 5 turns
 21096 | D:14     | Found a gate to the Vaults.
 21903 | D:15     | Entered Level 15 of the Dungeon
 21903 | D:15     | Noticed Sonja
 21910 | D:15     | Killed Sonja
 21953 | D:15     | Found a staircase to the Depths.
 22080 | D:15     | Found Odoinonk's Gadget Shoppe.
 23238 | Snake:1  | Entered Level 1 of the Snake Pit
 23252 | Snake:1  | Found Baat's Food Emporium.
 23508 | Snake:1  | Reached XP level 16. HP: 157/157 MP: 13/15
 25442 | Snake:3  | Found a flickering gateway to a bazaar.
 25548 | Bazaar   | Entered a bazaar
 25548 | Bazaar   | Found Dady's Gadget Boutique.
 25548 | Bazaar   | Found Aggyufiw's Antique Weapon Shoppe.
 25548 | Bazaar   | Found Xiann's General Store.
 25548 | Bazaar   | Found Suicsio's Magic Scroll Shoppe.
 25550 | Bazaar   | Found Atyeff's Book Shop.
 25550 | Bazaar   | Found Yskusuus's Antique Armour Emporium.
 25893 | Bazaar   | Bought a jewelled ring mail for 198 gold pieces
 25893 | Bazaar   | Identified the cursed +1 ring mail of a treasure trove {rElec rN+ Int+2} (You bought it in a shop in a bazaar)
 26015 | Snake:3  | Found Ami Vif's Book Boutique.
 26072 | Snake:3  | Found Ofiokhlo's Antique Armour Shoppe.
 26218 | Snake:3  | Found Kohy's Food Emporium.
 26387 | Snake:4  | Entered Level 4 of the Snake Pit
 26631 | Snake:4  | Reached XP level 17. HP: 164/168 MP: 13/16
 27560 | Snake:4  | HP: 5/170 [nagaraja/club (9)]
 27560 | Snake:4  | HP: 2/170 [nagaraja/whip (3)]
 27567 | Snake:4  | HP: 3/170 [poisoned by a naga sharpshooter (splash of poison)]
 28432 | Snake:4  | Got a serpentine rune of Zot
 28971 | Swamp:1  | Entered Level 1 of the Swamp
 28981 | Swamp:1  | Noticed Aizul
 29001 | Swamp:1  | Killed Aizul
 29060 | Swamp:1  | Reached XP level 18. HP: 168/179 MP: 17/17
 31529 | Swamp:4  | Entered Level 4 of the Swamp
 31632 | Swamp:4  | Noticed the 27-headed Lernaean hydra
 32262 | Swamp:4  | Noticed Jorgrun
 32704 | Swamp:4  | HP: 9/182 [Jorgrun/Shatter (14)]
 33315 | Swamp:4  | Noticed Bai Suzhen
 33325 | Swamp:4  | Killed the 27-headed Lernaean hydra
 33353 | Swamp:4  | Killed Bai Suzhen
 33784 | Swamp:4  | Got a decaying rune of Zot
 33935 | Swamp:4  | Killed Jorgrun
 34321 | Depths:1 | Entered Level 1 of the Depths
 34332 | Depths:1 | Found a gateway to Hell.
 34454 | Depths:1 | Found a shattered altar of Ashenzari.
 34604 | Depths:1 | Reached XP level 19. HP: 189/189 MP: 16/18
 34668 | Depths:1 | Found a one-way gate to the infinite horrors of the Abyss.
 34866 | Depths:1 | Reached skill level 10 in Dodging
 35429 | Depths:2 | Noticed Louise
 35437 | Depths:2 | Killed Louise
 35440 | Depths:2 | Noticed Nikola
 35464 | Depths:2 | Killed Nikola
 35734 | Depths:2 | Paralysed by a vampire knight for 2 turns
 35803 | Depths:2 | Got an encrusted broad axe
 35804 | Depths:2 | Identified the cursed +3 broad axe "Vyvot" {venom, rPois Str+9} (You found it on level 2 of the Depths)
 36570 | Vaults:1 | Entered Level 1 of the Vaults
 36590 | Vaults:1 | Noticed Saint Roka
 36618 | Vaults:1 | Killed Saint Roka
 36784 | Vaults:1 | Reached XP level 20. HP: 194/202 MP: 16/19
 37168 | Vaults:1 | Paralysed by an ogre mage for 7 turns
 37396 | Vaults:1 | Got a slimy war axe
 37398 | Vaults:1 | Identified the +6 war axe "Icann" {freeze, Str+4} (You found it on level 1 of the Vaults)
 37401 | Vaults:1 | Gained mutation: You have a beak for a mouth. [potion of mutation]
 37401 | Vaults:1 | Gained mutation: Your spells are a little easier to cast, but a little less powerful. [potion of mutation]
 37401 | Vaults:1 | Lost mutation: Your spells are a little easier to cast, but a little less powerful. [potion of mutation]
 37402 | Vaults:1 | Gained mutation: You have sharp fingernails. [potion of mutation]
 37402 | Vaults:1 | Gained mutation: You possess an exceptional clarity of mind. [potion of mutation]
 38540 | Vaults:2 | Found a staircase to the Crypt.
 38867 | Vaults:3 | Noticed feamirim's ghost (adept DgFi)
 38925 | Vaults:3 | Killed feamirim's ghost
 39775 | Vaults:3 | Cast into level 2 of the Abyss (a deep elf sorcerer)
 39789 | Abyss:2  | Noticed a bone dragon
 39812 | Abyss:2  | Killed a bone dragon
 39974 | Abyss:2  | Reached XP level 21. HP: 213/213 MP: 18/20
 40076 | Vaults:3 | Escaped the Abyss
 40540 | Vaults:3 | Noticed Boris
 41046 | Vaults:3 | Killed Boris
 41860 | Vaults:4 | Got a translucent shield
 41871 | Vaults:4 | Identified the cursed -1 shield "Ishruah" {rPois Str-5 Int+4} (You found it on level 4 of the Vaults)
 41887 | Vaults:4 | Found Wufed's Food Shop.
 42331 | Vaults:5 | Entered Level 5 of the Vaults
 42331 | Vaults:5 | Noticed an ancient lich
 42453 | Vaults:5 | Noticed an ancient lich
 42466 | Vaults:5 | Cast into level 5 of the Abyss (an ancient lich)
 42466 | Abyss:5  | Entered Level 5 of the Abyss
 42523 | Abyss:5  | Found a hide-covered altar of Uskayaw.
 42657 | Vaults:5 | Escaped the Abyss
 42666 | Vaults:5 | Killed an ancient lich
 42682 | Vaults:5 | Got a crude golden ring
 42692 | Vaults:5 | Got an ichor-stained scale mail
 42694 | Vaults:5 | Identified the cursed +1 scale mail of Autotheism {rElec rPois rC- SInv} (You found it on level 5 of the Vaults)
 42695 | Vaults:5 | Identified the ring of Cowardice {rF- rC+ MP+9 Dex+4 SInv} (You found it on level 5 of the Vaults)
 42724 | Vaults:5 | Got a silver rune of Zot
 42764 | Vaults:5 | Reached XP level 22. HP: 226/226 MP: 21/21
 42809 | Vaults:5 | Noticed a golden dragon
 42812 | Vaults:5 | Paralysed by a sphinx for 5 turns
 42835 | Vaults:5 | Killed an ancient lich
 42851 | Vaults:5 | Killed a golden dragon
 42858 | Vaults:5 | Reached skill level 15 in Armour
 43121 | Vaults:5 | Noticed a golden dragon
 43148 | Vaults:5 | Killed a golden dragon
 43411 | Vaults:5 | Noticed an ancient lich
 43419 | Vaults:5 | Killed an ancient lich
 43512 | Vaults:5 | Noticed a golden dragon
 43526 | Vaults:5 | Killed a golden dragon
 43610 | Vaults:5 | Reached XP level 23. HP: 238/238 MP: 22/22
 43787 | Vaults:5 | Found Izodghyf's Magic Scroll Emporium.
 43800 | Vaults:5 | Found Tarphotorph's Food Shop.
 43904 | Vaults:5 | Got a vibrating pewter ring
 44180 | Vaults:5 | Identified the ring of Pauw Pib {MR+ AC+2} (You found it on level 5 of the Vaults)
 44254 | Vaults:5 | Found Rarghi's Food Shoppe.
 44786 | D:8      | Bought the ring of the Commoners {+Inv rF+ rC+ Int+4} for 770 gold pieces
 44936 | Elf:1    | Entered Level 1 of the Elven Halls
 45218 | Elf:1    | Reached skill level 27 in Fighting
 45624 | Elf:1    | Found Wuill's Antique Armour Shoppe.
 46046 | Elf:2    | Gained mutation: You have large cloven feet. [potion of beneficial mutation]
 46166 | Elf:2    | Found Ysufur's Antique Armour Shop.
 46169 | Elf:2    | Found Aschuafy's Antique Weapon Boutique.
 46180 | Elf:2    | Bought a pair of embroidered boots for 139 gold pieces
 46223 | Elf:2    | Found Qegolecs's Food Emporium.
 46452 | Elf:2    | Found a runed gate.
 46452 | Elf:2    | Found a runed gate.
 46454 | Elf:2    | Found a runed gate.
 47083 | Elf:3    | Entered Level 3 of the Elven Halls
 47276 | Elf:3    | Noticed jedvagenij's ghost (adept DDFi)
 47308 | Elf:3    | Killed jedvagenij's ghost
 48341 | Elf:3    | Reached XP level 24. HP: 249/249 MP: 20/22
 48445 | Elf:3    | Identified Tyzxig's Disquisition on Combat Magic
 48449 | Elf:3    | Identified the Almanac of Evil Secrets and Execration
 48597 | Elf:3    | Got a shimmering cloak
 48598 | Elf:3    | Identified the +0 cloak of the Peasants {+Fly} (You found it on level 3 of the Elven Halls)
 48863 | Depths:3 | Noticed Mennas
 48953 | Depths:3 | Killed Mennas
 48990 | Depths:3 | Identified the Tome of Execration and Lightness
 49061 | Depths:3 | Found a one-way gate leading to the halls of Pandemonium.
 49721 | Depths:3 | Found a glowing golden altar of the Shining One.
 49818 | Depths:4 | Found a gateway to a ziggurat.
 49989 | Depths:4 | Reached skill level 27 in Shields
 50314 | Depths:4 | Reached XP level 25. HP: 257/257 MP: 22/22
 50682 | Depths:5 | Entered Level 5 of the Depths
 50735 | Depths:5 | Noticed a juggernaut
 50752 | Depths:5 | Killed a juggernaut
 51248 | D:10     | You paid a toll of 3 potions of resistance to enter a treasure trove
 51249 | Trove    | Entered a treasure trove
 51259 | Trove    | Got a transparent bone ring
 51269 | Trove    | Identified the ring of Intercession {rElec rPois MR- SInv Stlth+} (You found it in a treasure trove)
 51285 | Trove    | Got a vibrating silver ring
 51287 | Trove    | Identified the ring "Zesah" {MR+ Int+3 SInv} (You found it in a treasure trove)
 51294 | Trove    | Got a pitted granite ring
 51296 | Trove    | Identified the ring of Beacrosuh {rC+ MR+++ MP-9 Dex+5} (You found it in a treasure trove)
 51643 | Depths:5 | Found Gut Tyn's Assorted Antiques.
 51737 | Depths:5 | Identified Jeqees's Catalogue of Shifting Lightness
 51776 | Depths:5 | Found a gateway to a bazaar.
 51935 | Bazaar   | Entered a bazaar
 51948 | Bazaar   | Found Roidaprich's Antique Weapon Emporium.
 51959 | Bazaar   | Found Widwitri's Antique Weapon Shoppe.
 51975 | Bazaar   | Found Deysaih's Antique Armour Emporium.
 51986 | Bazaar   | Found Dayler's Antique Armour Shoppe.
 52194 | Depths:5 | Found Mymeinla's Antique Weapon Boutique.
 52264 | Depths:5 | Found Amyhist's Gadget Shop.
 52481 | Depths:5 | Found Ufuefevo's Weapon Shoppe.
 52487 | Depths:5 | Found a gate to the Realm of Zot.
 52994 | Slime:1  | Entered Level 1 of the Pits of Slime
 53281 | Slime:2  | HP: 6/257 [acid (9)]
 53282 | Slime:2  | HP: 1/257 [acid (12)]
 53283 | Slime:2  | Killed from afar by an acid blob

Vault maps used:
D:1:      ncdulo_wetmaze
D:2:      lemuel_doored_altar
D:3:      portal_sewer_entry_d
D:4:      kiku_gazebo_garden_becter, uniq_edmund
D:5:      first_bread, uniq_sigmund, uniq_eustachio
D:6:      nicolae_qazlal_general_emergency, serial_shops, shop,
          nicolae_shop_trees, shop, minivault_4, nemelex_diamond_rough_becter
D:7:      gammafunk_temple_overflow_wave, minmay_gold_behind_fungi,
          grunt_livestock, uniq_joseph
D:8:      grunt_lair_entry_orc_guard_hut, serial_shops, nicolae_shop_stone,
          shop, nicolae_shop_waterfront, shop, shop,
          hangedman_abyss_or_decor_stagger, uniq_gastronok
D:9:      grunt_temple_overflow_open, bloody_makhleb, uniq_prince_ribbit1
D:10:     lemuel_upstairs_altar, nicolae_trove_entry_crossroad
D:11:     serial_shops, nicolae_shop_window_shopping, nicolae_ru_path_of_blood
D:12:     erik_orc_3, serial_shops, nicolae_shop_stone, shop,
          nicolae_shop_behind_doors, nicolae_shop_waterfront,
          grunt_gozag_breadcrumbs
D:13:     spider_trap
D:14:     cheibrodos_frozen_isle, lightli_vaults_fourway_checkpoint,
          serial_park_square2, wad_mini_maze
D:15:     hangedman_depths_entry_civil_slaughter, serial_shops, shop,
          minmay_misc_feat_square, uniq_sonja
Temple:   jpeg_temple_island
Lair:1:   infiniplex_staircase_pool, grunt_megastairs_5, lemuel_fruit_fields
Lair:2:   minmay_swamp_entry_eels, small_statue_intersection
Lair:3:   minmay_snake_entry_guardpost_small, serial_bayou_ford_a,
          serial_bayou_pond_d, eino_house_with_fridge
Lair:4:   disabler_island, grunt_megastairs_4
Lair:6:   grunt_lair_end_beastmaster, nicolae_slime_entry_slimehenge,
          lemuel_fruit_fields
Swamp:1:  evilmike_swamp_ruin_rubble_2, swamp_pool4, hangedman_swamp_pad,
          st_swamp_ruins_2, uniq_aizul
Swamp:2:  evilmike_swamp_ruin_house_5, swamp_pool2
Swamp:3:  nicolae_swamp_dense_foliage
Swamp:4:  swamp_old_school, uniq_bai_suzhen, uniq_jorgrun
Snake:1:  serial_shops, shop
Snake:3:  serial_shops, freezing_bzr,
          nicolae_shop_temple_entry_statues_fountains, shop,
          nicolae_shop_behind_doors, grunt_megastairs_3, serial_bayou_shore_b
Snake:4:  grunt_snake_rune_serpentine_throne
Slime:2:  nicolae_slime_welcoming_committee
Orc:1:    basic_altar, nicolae_orc_rockfall
Orc:2:    st_orc_ogre_mass, serial_shops, nicolae_shop_statue_plus,
          minmay_orc_temple_a
Elf:1:    minmay_elf_arrival_summoners, serial_shops, shop, orc_legates,
          grunt_ministairs_1, uniq_louise
Elf:2:    serial_shops, nicolae_shop_behind_doors, nicolae_shop_crystal,
          nicolae_shop_overgrown_old_shop, minivault_23
Elf:3:    elf_hall_gauntlet_wide
Vaults:1: v_misc_1, dpeg_vaults_waves, nicolae_vaults_back_hallway,
          nicolae_vaults_three_branches, v_misc_23, vaults_standard_mumra_x,
          hangedman_vaults_cutoff, vaults_room_fours, nicolae_vaults_network_s,
          nicolae_vaults_ring_of_whatevers, nicolae_vaults_diagonal_hallway_9,
          uniq_saint_roka
Vaults:2: vaults_mumra_chevron, vaults_mumra_chevron_long, v_misc_4,
          vaults_room_door_hall, blue_anna_dwarven_crypt,
          dpeg_vaults_monster_box
Vaults:3: v_pattern_2, hangedman_vaults_locks, vaults_room_pool,
          vaults_dpeg_hooks, ontoclasm_vaults_eye, v_misc_22, vaults_dpeg_ring,
          v_alt_pattern_5, hangedman_vaults_nails, nicolae_vaults_rhombus_6,
          nicolae_vaults_asterisk, nicolae_vaults_little_ls,
          hangedman_vaults_restitches, vaults_room_stairs_pillars,
          ontoclasm_vaults_twist, ontoclasm_vaults_pinch,
          nicolae_vaults_shelves_hall, uniq_boris
Vaults:4: vaults_standard_mumra_enter_the_diamond, hangedman_vaults_stitches,
          v_misc_11, nicolae_vaults_little_squares_3,
          nicolae_vaults_little_squares_4, hangedman_vaults_capsules,
          hangedman_vaults_maws, serial_shops, nicolae_shop_trees
Vaults:5: serial_shops
Depths:1: minmay_room_of_horrors, hell_entry, columned_hall_lemuel,
          nicolae_ashenzari_panopticon, serial_bayou_shore_a, firewood_loft
Depths:2: lemuel_flame_loot_2, hangedman_coc_ice_floe, serial_bayou_shore_b,
          nicolae_abyss_entry_one_way_or_another, uniq_nikola
Depths:3: minmay_cut_squares, tso_altar, rand_demon_pan_entry_8,
          pf_hell_entry_tar_river, marbit_kobold_abyss_entry, uniq_mennas
Depths:4: hangedman_crystal_crosses_colossus, abyss_entry, hell_entry
Depths:5: evilmike_zot_entry_basic, serial_shops, statue_bzr,
          nicolae_shop_statue_plus, nicolae_shop_statue_plus, shop, shop,
          hell_entry, moated_statue, special_room
Abyss:2:  minivault_28
Abyss:5:  hangedman_abyss_sting, hangedman_abyss_rune_flesh_and_stone,
          hangedman_abyss_or_decor_passed, eino_small_chamber_without_monster,
          evilmike_abyss_exit_plants
Bazaar:   bazaar_minmay_generic_island, bazaar_minmay_armour_weapon
Trove:    trove_simple
Sewer:    sewer_fruit_machine

Skill      XL: |  1  2  3  4  5  6  7  8  9 10 11 12 13 14 15 16 17 18 19 20 21 22 23 24 25 |
---------------+----------------------------------------------------------------------------+-----
Fighting       | 4 5 6 8 9 10 12 13 15 16 18 19 20 21 22 23 25 26 27 | 27.0
Armour         | 4 5 6 7 8 9 10 11 12 13 14 15 16 17 19 | 19.8
Shields        | 4 5 6 8 9 10 12 13 15 16 18 20 21 22 23 24 25 26 27 | 27.0
Axes           | 3 4 5 6 8 10 11 13 14 15 16 17 18 19 20 21 22 23 25 26 | 26.2
Dodging        | 1 2 3 4 5 6 7 8 9 10 11 | 11.1
Maces & Flails | 1 |  1.3
Stealth        | |  0.1
Evocations     | |  0.6

Action                   |  1- 3 |  4- 6 |  7- 9 | 10-12 | 13-15 | 16-18 | 19-21 | 22-24 | 25-27 || total
-------------------------+-------+-------+-------+-------+-------+-------+-------+-------+-------++-------
Melee: War axe           |    72 |   131 |   261 |   615 |   846 |       |       |       |       ||  1925
       Headbutt          |    10 |    11 |    59 |   176 |   427 |   515 |   518 |   479 |   151 ||  2346
       Flail             |       |       |       |    18 |    18 |   220 |       |       |       ||   256
       Broad axe         |       |       |       |       |   405 |  1371 |  1502 |  1456 |   368 ||  5102
       Peck              |       |       |       |       |       |       |   306 |   468 |   158 ||   932
       Kick              |       |       |       |       |       |       |       |    30 |       ||    30
Evoke: Wand              |       |       |       |       |       |       |       |       |     3 ||     3
  Use: Potion            |       |     2 |       |     2 |     7 |    10 |     6 |     5 |     1 ||    33
       Scroll            |       |       |    10 |     8 |    11 |    15 |    15 |     5 |     6 ||    70
 Stab: Petrified         |       |       |       |       |     1 |       |       |     5 |       ||     6
       Confused          |       |       |       |       |       |     2 |       |       |       ||     2
       Distracted        |       |       |       |       |       |       |     1 |     1 |       ||     2
       Invisible         |       |       |       |       |       |       |     2 |       |       ||     2
       Paralysed         |       |       |       |       |       |       |     2 |       |       ||     2
       Petrifying        |       |       |       |       |       |       |       |     2 |       ||     2
  Eat: Chunk             |       |     3 |    10 |    21 |    33 |    20 |    22 |    23 |     9 ||   141
       Bread ration      |       |     1 |       |     1 |       |     2 |     1 |     1 |       ||     6
       Meat ration       |       |       |       |       |       |     1 |       |       |       ||     1
       Beef jerky        |       |       |       |       |       |     1 |       |       |       ||     1
       Pizza             |       |       |       |       |       |     3 |       |       |       ||     3
Armor: Scale mail        |    42 |    81 |    90 |    24 |       |       |       |       |       ||   237
       Ring mail         |       |       |       |   148 |   171 |       |       |       |       ||   319
       Chain mail        |       |       |       |       |   230 |   683 |   308 |    75 |       ||  1296
       Gold dragon armou |       |       |       |       |       |       |       |   287 |   116 ||   403
Dodge: Dodged            |    35 |    77 |    89 |   251 |   477 |   795 |   423 |   322 |   114 ||  2583
Block: Shield            |    44 |    96 |   158 |   404 |   813 |  1363 |   940 |  1078 |   318 ||  5214
